 Dungeon Sprint DCSS version 0.29-a0-717-g6dac4ea423 (webtiles) character file.

Game seed: 1088654965653157387

1256 mhtbhm the Unseen (level 8, -10/33 HPs)
             Began as a Spriggan Enchanter on June 26, 2022.
             Was a Believer of Dithmenos.
             Collided with a rock wall (13 damage)
             ... caused by Erica
             ... in the Dungeon (Sprint III: "The Ten Rune Challenge") on June 27, 2022.
             The game lasted 00:02:11 (588 turns).

mhtbhm the Unseen (Spriggan Enchanter)               Turns: 588, Time: 00:02:11

Health: -10/33     AC:  2    Str:  2    XL:     8   Next: 26%
Magic:  21/21      EV: 22    Int: 17    God:    Dithmenos [**....]
Gold:   53         SH:  0    Dex: 17    Spells: 10/24 levels left

rFire   . . .      SeeInvis +   a - +1 dagger (venom)
rCold   . . .      Faith    .   (no shield)
rNeg    . . .      Spirit   .   b - +0 robe
rPois   .          Reflect  .   (helmet restricted)
rElec   .          Harm     .   (no cloak)
rCorr   .          Rampage  .   (gloves unavailable)
Will    +....      Clarity  +   (boots unavailable)
Stlth   +++++++++. NoTele   +   (no amulet)
HPRegen 0.11/turn               (no ring)
MPRegen 0.17/turn               (no ring)

@: wreathed by umbra, very quick
A: very small, no large weapons, unfitting armour, see invisible, speed 3,
hooves 1, clarity, frail 1, weak 1, MP-powered wands
a: Renounce Religion, Shadow Step


You were in the Dungeon.
You worshipped Dithmenos.
Dithmenos was pleased with you.
You visited 1 branch You collected 53 gold pieces.

Inventory:

Hand Weapons
 a - a +1 dagger of venom (weapon)
Armour
 b - a +0 robe (worn)
Scrolls
 i - a scroll of blinking
 j - a scroll of fog {unknown}
 k - 3 scrolls of immolation {unknown}
 l - a scroll of identify {unknown}
Potions
 c - a potion of invisibility
 d - 3 potions of curing
 e - a potion of heal wounds
 f - a potion of haste
 g - 2 potions of magic
 m - a potion of flight {unknown}
 n - a potion of berserk rage
 o - a potion of might
Miscellaneous
 h - a phial of floods


   Skills:
 + Level 1.1 Fighting
 + Level 3.3 Short Blades
 + Level 7.7 Dodging
 + Level 18.7 Stealth
 + Level 8.5 Spellcasting
 + Level 12.2 Hexes
 + Level 1.2 Ice Magic


You had 10 spell levels left.
You knew the following spells:

 Your Spells              Type           Power      Damage    Failure   Level
a - Ensorcelled Hibernat  Hex/Ice        60%        N/A       1%          2
b - Confusing Touch       Hex            48%        N/A       1%          3
c - Tukima's Dance        Hex            48%        N/A       1%          3
d - Dazzling Flash        Conj/Hex       56%        N/A       2%          3
e - Mephitic Cloud        Conj/Pois/Air  7%         N/A       30%         3

Your spell library contained the following spells:

 Spells                   Type           Power      Damage    Failure   Level
 Magic Dart               Conj           28%        1d4       10%         1
 Call Imp                 Summ           7%         N/A       16%         2


Dungeon Overview and Level Annotations

Branches:
Dungeon (1/1)

Altars:
Cheibriados
Dithmenos
Elyvilon
Fedhas
Gozag
Hepliaklqana
Kikubaaqudgha
Makhleb
Nemelex Xobeh
Okawaru
Qazlal
Ru
Sif Muna
Trog
Uskayaw
Vehumet
Wu Jian
Xom
Yredelemnul
Zin
The Shining One
Beogh
Jiyva
Lugonu

Annotations:
D Erica


Innate Abilities, Weirdness & Mutations

You are very small and have problems with some larger weapons.
You are too small for most types of armour.
You have supernaturally acute eyesight. (SInv)
You cover ground extremely quickly. (Speed+++)
You have large cloven feet.
You possess an exceptional clarity of mind.
You are frail. (-10% HP)
You are weak. (Str -2)
You expend magic power (3 MP) to strengthen your wands.


Message History

No target in view!
No target in view!
No target in view!
No target in view!
No target in view!
No target in view!
No target in view!
No target in view!
No target in view!
No target in view!
No target in view!
No target in view!
No target in view!
No target in view!
No target in view!
There is a sparkling altar of Nemelex Xobeh here.
You see here a phial of floods.
h - a phial of floods
There is an opulent altar of Gozag here.
There is a hazy altar of Hepliaklqana here.
There is a snail-covered altar of Cheibriados here.
There is a blossoming altar of Fedhas here.
There is an open door here.
You open the door.
There is an open door here.
Erica the Fiery-Tempered comes into view.
She is wielding a +3 scimitar of flaming and wearing a +2 robe of cold resistance.
Erica moves out of view.
Aiming: Shadow Step
Press: ? - help, Dir - move target, f - you You cannot target yourself.
Okay, then.
You enter the shallow water.
Moving in this stuff is going to be slow.
Erica gestures at you while chanting. The lance of force hits you!!
Ouch! That really hurt!
* * * LOW HITPOINT WARNING * * *
You are knocked back by the lance of force.
You slam into the rock wall!
You die...

##.############
#..#___#___#__#
#..#)..#__)#†_#
#..###'#'###'##
#..#..........#
...'.⌠........#
...#...######'#
...#.⌠.#__#...#+#####
...#...#__#...#.@§§§+
...#'###__#...#.#§§§#
...#.))#__#...'.#.§.#
...#___#__'...#.#§@.#
▓▓▓▓▓▓▓▓▓▓▓▓▓▓▓▓▓▓▓▓▓


You could see Erica.

Vanquished Creatures
  A deep elf pyromancer (D)
  A shadow (D)
  A spatial vortex (D)
  A necrophage (D)
  A water elemental (D)
  A jelly (D)
  A wizard (D)
  A necromancer (D)
  A kobold demonologist (D)
  3 humans (D)
  A wolf (D)
  2 endoplasms (D)
  2 rats (D)
17 creatures vanquished.

Notes
Turn   | Place    | Note
-------+----------+-------------------------------------------
     0 | D        | mhtbhm the Spriggan Enchanter began the quest for the Orb.
     0 | D        | Reached XP level 1. HP: 9/9 MP: 5/5
   176 | D        | Reached skill level 5 in Stealth
   315 | D        | Reached skill level 6 in Stealth
   315 | D        | Reached skill level 5 in Hexes
   315 | D        | Reached XP level 2. HP: 13/13 MP: 5/7
   347 | D        | Learned a level 2 spell: Ensorcelled Hibernation
   354 | D        | Reached skill level 7 in Stealth
   354 | D        | Reached XP level 3. HP: 16/16 MP: 5/9
   361 | D        | Learned a level 3 spell: Confusing Touch
   365 | D        | Learned a level 3 spell: Tukima's Dance
   381 | D        | Gained mutation: You occasionally lose the ability to read
                  | scrolls when taking damage. [potion of mutation]
   381 | D        | Gained mutation: You passively dampen the noise of your
                  | surroundings. [potion of mutation]
   382 | D        | Lost mutation: You occasionally lose the ability to read
                  | scrolls when taking damage. [potion of mutation]
   382 | D        | Lost mutation: You passively dampen the noise of your
                  | surroundings. [potion of mutation]
   382 | D        | Gained mutation: You are weak. (Str -2) [potion of
                  | mutation]
   382 | D        | Lost strength.
   382 | D        | Gained mutation: You are very weak. (Str -4) [potion of
                  | mutation]
   386 | D        | Lost mutation: You are very weak. (Str -4) [potion of
                  | mutation]
   386 | D        | Lost mutation: You are weak. (Str -2) [potion of mutation]
   386 | D        | Gained mutation: You are partially covered in iridescent
                  | scales. (AC +2) [potion of mutation]
   386 | D        | Gained mutation: You have hidden genetic defects. [potion
                  | of mutation]
   386 | D        | Gained mutation: Your magical capacity is low. (-10% MP)
                  | [potion of mutation]
   386 | D        | Gained mutation: You have large cloven feet. [potion of
                  | mutation]
   414 | D        | Noticed a water elemental
   422 | D        | Killed a water elemental
   423 | D        | Reached skill level 9 in Stealth
   423 | D        | Reached XP level 4. HP: 21/21 MP: 8/10
   425 | D        | Gained mutation: You are frail. (-10% HP) [hidden defects]
   435 | D        | Found a basalt altar of Yredelemnul.
   435 | D        | Found a shadowy altar of Dithmenos.
   435 | D        | Found a sacrificial altar of Ru.
   435 | D        | Noticed a necrophage
   438 | D        | Reached skill level 5 in Spellcasting
   438 | D        | Killed a necrophage
   439 | D        | Reached skill level 5 in Dodging
   439 | D        | Reached skill level 11 in Stealth
   439 | D        | Reached XP level 5. HP: 22/22 MP: 9/12
   456 | D        | Became a worshipper of Dithmenos the Shadowed
   464 | D        | Found a hide-covered altar of Uskayaw.
   464 | D        | Found an iron altar of Okawaru.
   464 | D        | Gained mutation: You are weak. (Str -2) [hidden defects]
   464 | D        | Lost mutation: You have hidden genetic defects. [hidden
                  | defects expressed]
   465 | D        | Found a bloodstained altar of Trog.
   465 | D        | Found an ornate altar of the Wu Jian Council.
   465 | D        | Noticed a human
   465 | D        | Noticed a human
   467 | D        | Killed a human
   468 | D        | Reached skill level 13 in Stealth
   468 | D        | Reached XP level 6. HP: 26/26 MP: 11/14
   468 | D        | Killed a human
   469 | D        | Reached skill level 14 in Stealth
   469 | D        | Reached skill level 10 in Hexes
   474 | D        | Lost mutation: Your magical capacity is low. (-10% MP)
                  | [potion of mutation]
   474 | D        | Lost mutation: You are partially covered in iridescent
                  | scales. (AC +2) [potion of mutation]
   474 | D        | Gained mutation: You possess an exceptional clarity of
                  | mind. [potion of mutation]
   474 | D        | Gained mutation: You expend magic power (3 MP) to
                  | strengthen your wands. [potion of mutation]
   482 | D        | Found a glowing silver altar of Zin.
   483 | D        | Found a glowing golden altar of the Shining One.
   483 | D        | Found a white marble altar of Elyvilon.
   483 | D        | Noticed a deep elf pyromancer
   485 | D        | Killed a deep elf pyromancer
   485 | D        | Reached * piety under Dithmenos
   486 | D        | Reached skill level 1 in Fighting
   486 | D        | Reached skill level 17 in Stealth
   486 | D        | Reached skill level 1 in Ice Magic
   486 | D        | Reached XP level 7. HP: 29/29 MP: 13/19
   496 | D        | Found a radiant altar of Vehumet.
   497 | D        | Found a shimmering blue altar of Sif Muna.
   497 | D        | Found an ancient bone altar of Kikubaaqudgha.
   518 | D        | Learned a level 3 spell: Dazzling Flash
   522 | D        | Learned a level 3 spell: Mephitic Cloud
   535 | D        | Noticed a shadow
   537 | D        | Killed a shadow
   537 | D        | Reached ** piety under Dithmenos
   538 | D        | Reached skill level 18 in Stealth
   538 | D        | Reached XP level 8. HP: 33/33 MP: 21/21
   566 | D        | Found a blossoming altar of Fedhas.
   566 | D        | Found a stormy altar of Qazlal.
   567 | D        | Found a snail-covered altar of Cheibriados.
   567 | D        | Found a burning altar of Makhleb.
   567 | D        | Found a hazy altar of Hepliaklqana.
   567 | D        | Found a shimmering altar of Xom.
   567 | D        | Found an opulent altar of Gozag.
   567 | D        | Found a sparkling altar of Nemelex Xobeh.
   567 | D        | Found a corrupted altar of Lugonu.
   567 | D        | Found a viscous altar of Jiyva.
   587 | D        | Noticed Erica
   588 | D        | Collided with a rock wall

Illustrated notes

Levels and vault maps discovered:
D:        dungeon_sprint_mu [sprint_mu_entry_cave, sprint_mu_temple_rooms,
          sprint_mu_d1_horrors, sprint_mu_d2_genie, sprint_mu_d3_branching,
          sprint_mu_orc_legion, sprint_mu_elf_gauntlet, sprint_mu_hive_nellie,
          sprint_mu_lair_fedhas, sprint_mu_vaults_butterflies,
          sprint_mu_slime_circle, sprint_mu_swamp_cave, sprint_mu_snake_twists,
          sprint_mu_blade_basic, sprint_mu_crypt_chambers,
          sprint_mu_tomb_spiral, sprint_mu_vestibule_basic,
          sprint_mu_gehenna_hellfire, sprint_mu_dis_giant,
          sprint_mu_tartarus_statrot, sprint_mu_cocytus_islands, sprint_mu_zot1]

Skill      XL: |  1  2  3  4  5  6  7 |
---------------+----------------------+-----
Hexes          | 5 6 7 8 9 11 12 | 12.2
Stealth        | 6 7 9 11 13 17 18 | 18.7
Spellcasting   | 3 4 5 6 8 |  8.5
Dodging        | 3 4 5 6 7 |  7.7
Short Blades   | 2 3 |  3.3
Fighting       | 1 |  1.1
Ice Magic      | 1 |  1.2

Action                   |  1- 3 |  4- 6 |  7- 9 || total
-------------------------+-------+-------+-------++-------
Melee: Dagger            |    34 |     5 |     5 ||    44
       Kick              |     1 |       |       ||     1
 Cast: Ensorcelled Hiber |     1 |       |     2 ||     3
  Use: Potion            |     5 |     1 |       ||     6
 Stab: Sleeping          |     2 |     5 |     5 ||    12
       Invisible         |     2 |       |       ||     2
Armor: Robe              |     1 |       |       ||     1
Dodge: Dodged            |    16 |       |       ||    16

Table legend: (Time is in decaauts)
 A = Elapsed time spent in this place.
 B = Non-inter-level travel time spent in this place.
 C = Inter-level travel time spent in this place.
 D = Time resting spent in this place.
 E = Time spent auto-exploring this place.
 F = Levels seen in this place.
 G = Mean time per level.
                   A        B        C        D        E       F      G
               +--------+--------+--------+--------+--------+-----+--------+
         Total |    530 |    530 |      0 |    248 |     87 |   1 |  530.0 |
       Dungeon |    530 |    530 |      0 |    248 |     87 |   1 |  530.0 |
               +--------+--------+--------+--------+--------+-----+--------+

Top non-repeatable levels by time:
       D: 530 daAuts
